 Dungeon Crawl Stone Soup version 0.30-a0-1123-gabc949cf19 (console) character file.

Game seed: 11774816291210841314

30952 jejorda2 the Phalangite (level 13, -1/101 HPs)
             Began as a Merfolk Berserker on Apr 21, 2023.
             Was an Elder of Trog.
             Succumbed to a hornet's poison
             ... on level 4 of the Lair of Beasts on Apr 22, 2023.
             The game lasted 00:41:26 (16668 turns).

jejorda2 the Phalangite (Merfolk Berserker)        Turns: 16668, Time: 00:41:27

Health: -1/101     AC: 22    Str: 19    XL:     13   Next: 55%
Magic:  13/13      EV:  7    Int:  9    God:    Trog [****..]
Gold:   1840       SH:  0    Dex: 13    Spells: 12/12 levels left

rFire   . . .        a - +3 bardiche {elec, +Blink rC+++ Str-4 Int+3}
rCold   + + +        (shield currently unavailable)
rNeg    + . .        m - +0 plate armour
rPois   .            (no helmet)
rElec   .            N - scarf {repulsion}
rCorr   .            X - +1 pair of gloves {Stlth+}
SInv    .            c - +0 pair of boots
Will    .....        u - amulet of faith Stlth
                     T - +4 ring of protection
HPRegen 0.36/turn    S - ring of positive energy
MPRegen 0.13/turn

%: repel missiles, faith
@: lethally poisoned (-1 -> -5), on berserk cooldown, slowed, studying Armour,
very slow
A: (nimble swimmer 2), mertail
a: Renounce Religion, Evoke Blink, Berserk, Trog's Hand, Brothers in Arms


You were on level 4 of the Lair of Beasts.
You worshipped Trog.
Trog was greatly pleased with you.
You visited 2 branches of the dungeon, and saw 16 of its levels.

You collected 2117 gold pieces.
You spent 277 gold pieces at shops.

Inventory:

Hand Weapons
 a - the +3 bardiche of Pain and Death (weapon) {elec, +Blink rC+++ Str-4 Int+3}
   (You acquired it on level 10 of the Dungeon)

   Str:       It affects your strength (-4).
   Int:       It affects your intelligence (+3).
   rC:        It renders you almost immune to cold.
   +Blink:    It lets you blink.
 b - a +2 antimagic trident
 w - the +11 hand axe of the Shark {speed, *Noise rElec Dex+2}
   (You found it on level 8 of the Dungeon)

   Dex:       It affects your dexterity (+2).
   rElec:     It insulates you from electricity.
   *Noise:    It may make noises in combat.
Missiles
 e - 173 stones
 j - 12 javelins
 n - a throwing net
 y - 6 boomerangs
 B - a curare-tipped dart
 E - 46 poisoned darts (quivered)
Armour
 c - a +0 pair of boots (worn)
 m - a +0 plate armour (worn)
 N - a scarf of repulsion (worn)
 X - a +1 pair of gloves of stealth (worn)
Jewellery
 o - a +4 ring of slaying
 u - an amulet of faith (around neck)
 v - a ring of see invisible
 I - a ring of fire
 P - a ring of fire
 S - a ring of positive energy (right hand)
 T - a +4 ring of protection (left hand)
Wands
 d - a wand of flame (58)
 h - a wand of digging (4)
 C - a wand of iceblast (17)
 J - a wand of paralysis (2)
 U - a wand of mindburst (7)
 W - a wand of acid (5)
Scrolls
 g - a scroll of fear
 i - 6 scrolls of immolation
 k - 7 scrolls of fog
 r - 2 scrolls of poison
 z - 2 scrolls of identify
 F - 2 scrolls of enchant weapon
 G - a scroll of brand weapon
 K - a scroll of enchant armour
 L - 3 scrolls of teleportation
 M - 4 scrolls of blinking
 Q - 2 scrolls of magic mapping
 V - a scroll of butterflies {unknown}
Potions
 f - 5 potions of curing
 l - 7 potions of heal wounds
 p - a potion of invisibility
 q - 5 potions of mutation
 s - 4 potions of resistance
 t - 3 potions of haste
 A - 3 potions of lignification
 O - a potion of ambrosia
 R - 2 potions of attraction


   Skills:
 - Level 9.0 Fighting
 + Level 21.8 Polearms
 - Level 6.0 Throwing
 + Level 10.6 Armour
 - Level 2.6 Dodging
 - Level 6.0 Evocations


You had 12 spell levels left.
You didn't know any spells.
Your spell library was empty.

Dungeon Overview and Level Annotations

Branches:
Dungeon (12/15)            Temple (0/1) D:6            Lair (4/5) D:8
 Shoals (0/4) Lair:3        Snake (0/4) Lair:2          Orc (0/2) D:10
  Slime: Lair:4-5

Altars:
Dithmenos
Elyvilon
Fedhas
Gozag
Nemelex Xobeh
Qazlal
Ru
Sif Muna
Trog
Zin
Lugonu

Shops:
D:2 *   D:11 ?

Annotations:
D:10 2 transporters


Innate Abilities, Weirdness & Mutations

((You are very nimble when in or above water. (Stealth+, EV+, Speed+++)))
Your lower body shifts to a powerful aquatic tail in water.


Message History

You feel sick.
The hornet stings you but does no damage. x2
You can move again.
Unknown command.
You closely miss the hornet.
You feel sick. The hornet barely misses you. The hornet stings you.
You feel as though you will be slow longer.
You slice the hornet!!
The hornet is almost dead.
You feel sick. The hornet barely misses you.
You hit the hornet.
The hornet is almost dead.
You feel sick.
The hornet stings you but does no damage.
The hornet stings you!
* * * LOW HITPOINT WARNING * * *
You are more poisoned.
You suddenly lose the ability to move!
A bullfrog comes into view.
You can move again.
Unknown command.
You fail to use your ability.
You feel very sick.
The bullfrog croaks.
You hear a bellow! x2
The hornet barely misses you. The hornet stings you!
* * * LOW HITPOINT WARNING * * *
You feel as though you will be slow longer.
A cane toad comes into view.
The yak gores you.
* * * LOW HITPOINT WARNING * * *
A yak comes into view.
The hornet stings you.
* * * LOW HITPOINT WARNING * * *
You feel as though you will be slow longer.
Blink to where?
Press: ? - help, Dir - move target, p - hornet
As you read the scroll of blinking, it crumbles to dust.
* * * LOW HITPOINT WARNING * * *
You feel very sick.
You die...

###### ##.
######..#ยง#....#
###.......y..).....
#...@.....Y..).....
##.................
#.................
##.............F..
#........)........
#.............Y..F
#P...............
##..~~~~~~~


You could see a yak and a hornet.

Vanquished Creatures
  Josephine (Lair:4)
  A hydra (Lair:2)
  Erolcha (D:10)
  2 boulder beetles (D:12)
  5 two-headed ogres
  The ghost of soul19 the Martial Artist, a novice DsFi of Qazlal (D:9)
  Urug (D:11)
  3 harpies (Lair:3)
  2 deep elf pyromancers (D:12)
  2 ugly things
  2 cyclopes (D:12)
  A manticore (D:12)
  2 black mambas (Lair:2)
  10 cane toads
  2 komodo dragons (Lair:3)
  3 rime drakes
  A freezing wraith (D:12)
  An unseen horror (D:10)
  2 trolls
  A polar bear (Lair:3)
  12 blink frogs
  A shadow (D:10)
  16 yaks
  5 wraiths
  2 wyverns
  An unseen horror simulacrum (D:9)
  A basilisk (Lair:1)
  2 steam dragons
  Eustachio (D:6)
  4 nagas (Lair:2)
  Duvessa (D:5)
  2 acid dragons
  12 water moccasins
  3 black bears (D:5)
  A sky beast (D:7)
  5 ice beasts
  An ogre (D:4)
  2 orc warriors
  11 wolves
  2 centaurs
  2 phantoms (D:10)
  9 bullfrogs
  4 kobold brigands
  A gnoll sergeant (D:8)
  2 scorpions
  3 wights (D:7)
  Dowan (D:5)
  10 killer bees
  6 howler monkeys
  A quasit (D:5)
  A gnoll bouda (D:9)
  8 orc priests
  A jelly (D:5)
  Jessica (D:3)
  6 iguanas
  A sleepcap (D:7)
  Terence (D:2)
  12 orc wizards
  6 ogre zombies (D:10)
  2 centaur simulacra (D:9)
  12 gnolls
  16 adders
  2 shadow imps (D:5)
  2 white imps
  A howler monkey simulacrum (D:9)
  5 ufetubi (D:5)
  5 worms
  A dart slug (D:2)
  32 orcs
  8 ball pythons
  4 bats
  6 endoplasms
  4 giant cockroaches
  2 goblins (D:4)
  7 hobgoblins
  8 jackals
  7 quokkas
  4 frilled lizards
  A goblin skeleton (D:10)
  3 goblin zombies (D:10)
  2 hobgoblin skeletons (D:10)
  2 hobgoblin zombies (D:10)
  22 kobolds
  An orc skeleton (D:10)
  10 orc zombies (D:10)
  8 rats
382 creatures vanquished.

Vanquished Creatures (collateral kills)
  An adder (Lair:2)
1 creature vanquished.

Vanquished Creatures (others)
  9 fungi
  4 plants
13 creatures vanquished.

Grand Total: 396 creatures vanquished

Notes
Turn   | Place    | Note
-------+----------+-------------------------------------------
     0 | D:1      | jejorda2 the Merfolk Berserker began the quest for the Orb.
     0 | D:1      | Reached XP level 1. HP: 18/18 MP: 1/1
   336 | D:1      | Reached XP level 2. HP: 24/24 MP: 2/2
   538 | D:1      | You fall into a shaft and drop 1 floor!
   589 | D:2      | Found Ine Inado's General Store.
   648 | D:2      | Reached XP level 3. HP: 28/29 MP: 3/3
   668 | D:2      | Noticed Terence
   684 | D:2      | Reached skill level 5 in Polearms
   702 | D:2      | Killed Terence
   703 | D:2      | Reached XP level 4. HP: 9/37 MP: 4/4
   829 | D:2      | Bought a potion of curing for 30 gold pieces
   851 | D:2      | Identified the +0 mace "Mocunuza" {flame, Dex+3}
   855 | D:2      | Identified the +2 robe of Zupneton {Regen+}
   894 | D:2      | Reached ** piety under Trog
  1239 | D:3      | Noticed Jessica
  1248 | D:3      | Reached skill level 6 in Polearms
  1248 | D:3      | Reached XP level 5. HP: 42/42 MP: 5/5
  1251 | D:3      | Killed Jessica
  1755 | D:3      | Found a shadowy altar of Dithmenos.
  1799 | D:3      | Reached XP level 6. HP: 48/49 MP: 6/6
  1981 | D:3      | Found an opulent altar of Gozag.
  2030 | D:3      | Found a faded altar of an unknown god.
  2226 | D:3      | Reached skill level 7 in Polearms
  2590 | D:4      | Reached skill level 5 in Fighting
  2590 | D:4      | Reached XP level 7. HP: 38/56 MP: 7/7
  2772 | D:4      | Reached skill level 8 in Polearms
  3210 | D:2      | Bought a potion of resistance for 100 gold pieces
  3266 | D:5      | Entered Level 5 of the Dungeon
  3696 | D:5      | Reached *** piety under Trog
  3697 | D:5      | Reached skill level 9 in Polearms
  3708 | D:5      | Reached XP level 8. HP: 56/64 MP: 8/8
  3807 | D:5      | Reached skill level 5 in Armour
  3863 | D:5      | Noticed Duvessa
  3866 | D:5      | Noticed Dowan
  3881 | D:5      | Killed Duvessa
  3889 | D:5      | Killed Dowan
  4189 | D:5      | Reached skill level 10 in Polearms
  4616 | D:6      | Noticed Eustachio
  4624 | D:6      | Killed Eustachio
  4798 | D:6      | Found a stormy altar of Qazlal.
  4924 | D:6      | Reached skill level 11 in Polearms
  5031 | D:6      | Reached skill level 1 in Throwing
  5108 | D:6      | Reached XP level 9. HP: 66/69 MP: 9/9
  5355 | D:6      | Found a staircase to the Ecumenical Temple.
  5985 | D:7      | Found a sacrificial altar of Ru.
  6158 | D:7      | Reached skill level 12 in Polearms
  6419 | D:7      | Found a blossoming altar of Fedhas.
  6576 | D:8      | Found a sparkling altar of Nemelex Xobeh.
  6702 | D:7      | Upgraded the game from 0.30-a0-1116-gebefce21f7 to
                  | 0.30-a0-1123-gabc949cf19
  7384 | D:7      | Reached skill level 13 in Polearms
  7674 | D:8      | Reached **** piety under Trog
  7719 | D:8      | Identified the +11 hand axe of the Shark {speed, *Noise
                  | rElec Dex+2}
  7811 | D:8      | Found a shimmering blue altar of Sif Muna.
  7834 | D:8      | Found a staircase to the Lair.
  7847 | D:8      | Reached XP level 10. HP: 76/76 MP: 10/10
  8512 | D:9      | Found a runed translucent gate.
  8512 | D:9      | Found a runed translucent gate.
  8512 | D:9      | Found a runed translucent gate.
  8647 | D:9      | Noticed a two-headed ogre
  8659 | D:9      | Killed a two-headed ogre
  8660 | D:9      | Reached skill level 14 in Polearms
  8660 | D:9      | Reached skill level 5 in Throwing
  8725 | D:9      | Found a white marble altar of Elyvilon.
  8882 | D:9      | Noticed a two-headed ogre
  8890 | D:9      | Killed a two-headed ogre
  9452 | D:9      | Noticed soul19's ghost (novice DsFi)
  9507 | D:9      | Killed soul19's ghost
  9508 | D:9      | Reached skill level 15 in Polearms
  9645 | D:10     | Entered Level 10 of the Dungeon
  9669 | D:10     | Noticed Erolcha
  9677 | D:10     | Killed Erolcha
  9678 | D:10     | Reached XP level 11. HP: 83/83 MP: 11/11
  9714 | D:10     | Identified a scroll of acquirement
  9714 | D:10     | Acquired the +3 bardiche of Pain and Death {elec, +Blink
                  | rC+++ Str-4 Int+3}
  9731 | D:10     | Noticed a thrashing horror
  9732 | D:10     | Found a transporter.
  9732 | D:10     | Noticed a large abomination
  9733 | D:10     | Noticed a purple ugly thing
  9733 | D:10     | Noticed a purple ugly thing
  9734 | D:10     | Found a corrupted altar of Lugonu.
  9795 | D:10     | Reached skill level 16 in Polearms
 10132 | D:10     | Found a staircase to the Orcish Mines.
 10368 | D:10     | Found a bloodstained altar of Trog.
 10421 | D:10     | Noticed a broodmother
 10423 | D:10     | Found a transporter.
 10605 | D:11     | Noticed Urug
 10666 | D:11     | Noticed a two-headed ogre
 10675 | D:11     | Killed a two-headed ogre
 10676 | D:11     | Reached skill level 17 in Polearms
 10686 | D:11     | Killed Urug
 10872 | D:11     | Found Cockag's Magic Scroll Emporium.
 10875 | D:11     | Bought a scroll of teleportation for 42 gold pieces
 10875 | D:11     | Bought a scroll of blinking for 105 gold pieces
 10895 | D:11     | Noticed a two-headed ogre
 10920 | D:11     | Killed a two-headed ogre
 11174 | D:11     | Noticed a white ugly thing
 11184 | D:11     | Killed a white ugly thing
 11185 | D:11     | Reached skill level 18 in Polearms
 11327 | D:11     | Found a glowing silver altar of Zin.
 11517 | D:11     | Acquired 1254 gold pieces
 11629 | D:12     | Noticed a boulder beetle
 11646 | D:12     | Killed a boulder beetle
 11647 | D:12     | Reached XP level 12. HP: 90/94 MP: 12/12
 11798 | D:12     | Reached skill level 19 in Polearms
 11891 | D:12     | Noticed a two-headed ogre
 11897 | D:12     | Killed a two-headed ogre
 12276 | D:12     | Noticed a boulder beetle
 12290 | D:12     | Killed a boulder beetle
 12981 | Lair:1   | Entered Level 1 of the Lair of Beasts
 12992 | Lair:1   | Reached skill level 20 in Polearms
 13233 | Lair:1   | Reached skill level 1 in Evocations
 14218 | Lair:2   | Noticed a seven-headed hydra
 14227 | Lair:2   | Killed a seven-headed hydra
 14328 | Lair:2   | Reached XP level 13. HP: 101/101 MP: 13/13
 14331 | Lair:2   | Reached skill level 10 in Armour
 14595 | Lair:2   | Found a staircase to the Snake Pit.
 14607 | Lair:2   | You fall into a shaft and drop 1 floor!
 14620 | Lair:3   | Reached skill level 21 in Polearms
 14846 | Lair:3   | Found a staircase to the Shoals.
 14852 | Lair:3   | Reached skill level 5 in Evocations
 16637 | Lair:4   | Noticed Josephine
 16649 | Lair:4   | Killed Josephine
 16660 | Lair:4   | Paralysed by a hornet for 3 turns
 16665 | Lair:4   | Paralysed by a hornet for 1 turns
 16666 | Lair:4   | HP: 3/101 [hornet (4)]
 16667 | Lair:4   | HP: 1/101 [poisoned by a hornet]
 16668 | Lair:4   | Succumbed to a hornet's poison

Illustrated notes

Levels and vault maps discovered:
D:1:      tarquinn_simple_flora_water_e, layout_loops_cross,
          minmay_misc_feat_plants
D:2:      layout_rooms, serial_shops, shop, uniq_terence
D:3:      minmay_diamond_boxcup, layout_basic,
          mainiacjoe_overflow_catwalk_spiral,
          ebering_ecumenical_altar_abandoned, grunt_ministairs_9, uniq_jessica
D:4:      nicolae_cairo_tiling, layout_basic
D:5:      layout_basic, serial_demonic, serial_demonic_a, serial_demonic_d,
          serial_demonic_a, serial_demonic_g, uniq_duvessa
D:6:      nicolae_BIG_FREAKIN_CUBE, layout_basic, mainiacjoe_overflow_paths,
          uniq_eustachio
D:7:      layout_rooms, mainiacjoe_overflow_cross_hatched, lemuel_tele_altar
D:8:      nicolae_hitomezashi [nicolae_hito_row, nicolae_hito_row,
          nicolae_hito_row, nicolae_hito_row, nicolae_hito_row,
          nicolae_hito_row, nicolae_hito_row, nicolae_hito_row,
          nicolae_hito_row, nicolae_hito_row, nicolae_hito_row,
          nicolae_hito_row, nicolae_hito_row, nicolae_hito_row,
          nicolae_hito_row, nicolae_hito_row, nicolae_hito_row,
          nicolae_hito_row], layout_cave_pods,
          nemelex_xobeh_ov_fountains_minmay, lemuel_doored_altar,
          palyth_stone_intersect, uniq_gastronok
D:9:      layout_basic, elyvilon_altar_1, gammafunk_ghost_icy
D:10:     gammafunk_corrupted_shrine, layout_basic,
          nicolae_overflow_crystal_walls, zombieorc1_lemuel, uniq_erolcha
D:11:     layout_rooms, serial_shops, nicolae_shop_rolled_up, zin_academy,
          uniq_urug
D:12:     layout_irregular_city, minmay_increasing_density
Lair:1:   layout_misc_corridors
Lair:2:   layout_cave_shapes, minmay_snake_entry_guardpost_small, serial_rivers,
          chequers_serial_rivers_micro_a, chequers_serial_rivers_marsh,
          chequers_serial_rivers_micro_b, chequers_serial_rivers_small_b,
          chequers_serial_rivers_small_3, fungi_pond_lemuel, minivault_19,
          cheibrodos_lair_reptile_den, lemuel_fruit_tree
Lair:3:   layout_hall_layers, nicolae_shoals_entry_roost,
          chequers_serial_rivers_micro_d
Lair:4:   layout_gridlike, nicolae_slime_entry_field_trip,
          nicolae_lair_lil_pond, uniq_josephine

Skill      XL: |  1  2  3  4  5  6  7  8  9 10 11 12 13 |
---------------+----------------------------------------+-----
Armour         | 2 3 4 6 7 9 10 | 10.6
Polearms       | 5 6 7 9 11 13 15 18 20 21 | 21.8
Fighting       | 4 5 6 8 9 |  9.0
Throwing       | 1 4 6 |  6.0
Evocations     | 3 6 |  6.0
Dodging        | |  2.6

Action                     |  1- 3 |  4- 6 |  7- 9 | 10-12 | 13-15 || total
---------------------------+-------+-------+-------+-------+-------++-------
  Melee: Spear             |    76 |   267 |   604 |       |       ||   947
         Hand axe          |       |       |     5 |   435 |       ||   440
         Punch             |       |       |       |     3 |       ||     3
         Bardiche          |       |       |       |    51 |   146 ||   197
         Trident           |       |       |       |     4 |       ||     4
  Throw: Stone             |     4 |     3 |     2 |    16 |       ||    25
         Javelin           |       |       |     3 |     9 |       ||    12
         Dart              |       |       |       |    62 |     4 ||    66
 Invoke: Berserk           |     1 |     2 |     8 |    12 |     2 ||    25
         Trog's Hand       |       |     1 |     5 |     7 |       ||    13
         Brothers in Arms  |       |       |       |     1 |       ||     1
  Evoke: Wand              |       |       |       |     1 |       ||     1
    Use: Potion            |     1 |       |     1 |       |       ||     2
         Scroll            |       |       |    15 |     9 |     1 ||    25
 Armour: Animal skin       |     7 |       |       |       |       ||     7
         Ring mail         |    12 |       |       |       |       ||    12
         Scale mail        |       |    21 |       |       |       ||    21
         Plate armour      |       |    65 |   284 |   209 |    79 ||   637
  Dodge: Dodged            |    32 |    55 |   150 |   120 |    41 ||   398
         Repelled          |       |       |       |       |     2 ||     2
  Block: Buckler           |     2 |    21 |    51 |     1 |       ||    75

Table legend: (Time is in decaauts)
 A = Elapsed time spent in this place.
 B = Non-inter-level travel time spent in this place.
 C = Inter-level travel time spent in this place.
 D = Time resting spent in this place.
 E = Time spent auto-exploring this place.
 F = Levels seen in this place.
 G = Mean time per level.
                   A        B        C        D        E       F      G
               +--------+--------+--------+--------+--------+-----+--------+
         Total |  16371 |  15568 |    803 |   2399 |  10686 |  16 | 1023.2 |
       Dungeon |  12745 |  12039 |    706 |   2002 |   7966 |  12 | 1062.1 |
          Lair |   3625 |   3528 |     97 |    397 |   2720 |   4 |  906.2 |
               +--------+--------+--------+--------+--------+-----+--------+

Top non-repeatable levels by time:
     D:6: 1537 daAuts
    D:12: 1319 daAuts
  Lair:3: 1307 daAuts
     D:9: 1306 daAuts
     D:5: 1278 daAuts
  Lair:2: 1201 daAuts
     D:3: 1195 daAuts
     D:7: 1192 daAuts
  Lair:1: 1083 daAuts
     D:8: 1002 daAuts
    D:10: 979 daAuts
    D:11: 890 daAuts
     D:4: 786 daAuts
     D:1: 637 daAuts
     D:2: 619 daAuts
